[ AOE2 MATCH · #505922643 ]
UnrankedMuisca vs Cumans
Player's team · WIN
Rival team · LOSS
[ REPLAY ANALYSIS · EXTRACTED FROM THE RECORDED GAME ]
Feudal
10:08
Castle
25:58
Imperial
36:12
| APM avg | 44.2 |
| APM peak | 95 |
| eAPM avg | 17.3 |
| Villagers / military | 60 / 32 |
Focus
⚔️ 26.7% · 🌾 73.3%
Archer ×27 · Unknown (2550) ×8 · Unknown (2562) ×5 · Monk ×3 · Unknown (2586) ×2 · Spearman ×1
Feudal
8:26
Castle
25:50
Imperial
—
| APM avg | 34.7 |
| APM peak | 116 |
| eAPM avg | 20.9 |
| Villagers / military | 96 / 9 |
Focus
⚔️ 32.9% · 🌾 67.1%
Monk ×3 · Mangonel ×3 · Scout Cavalry ×3
Match map
Initial resources + every placement click. Lines = walls · curves = elevation contours. ◆ gold · ⬟ stone · ● berries · ✦ relic · ◌ wall gap
Your base· Open — unwalled flank
MarcosGM93's base· Open — 2t gap
Smoothed initial terrain · ◌ = detected wall gap · hover for details
Inputs per minute
— RiseoftheRuben - - MarcosGM93
Build order — RiseoftheRuben
First 150 of 202 actions detected
| 0:00 | Queue | Villager (Male) |
| 0:01 | Queue | Villager (Male) |
| 0:02 | Build | House |
| 0:03 | Build | House |
| 0:18 | Queue | Villager (Male) |
| 0:18 | Queue | Villager (Male) |
| 1:23 | Queue | Villager (Male) |
| 1:49 | Build | Settlement |
| 2:08 | Queue | Villager (Male) |
| 2:17 | Queue | Villager (Male) |
| 2:45 | Queue | Villager (Male) |
| 3:10 | Queue | Villager (Male) |
| 3:48 | Queue | Villager (Male) |
| 4:11 | Queue | Villager (Male) |
| 4:30 | Queue | Villager (Male) |
| 4:41 | Build | Barracks |
| 4:55 | Queue | Villager (Male) |
| 5:05 | Build | House |
| 5:19 | Queue | Villager (Male) |
| 5:42 | Queue | Unit 2550 |
| 5:42 | Queue | Unit 2550 |
| 5:50 | Queue | Villager (Male) |
| 6:06 | Queue | Villager (Male) |
| 6:31 | Build | Settlement |
| 6:34 | Queue | Villager (Male) |
| 6:45 | Queue | Villager (Male) |
| 7:06 | Research | Loom |
| 7:55 | Queue | Villager (Male) |
| 7:58 | Research | Feudal Age |
| 7:58 | Research | Feudal Age |
| 8:41 | Build | Palisade Wall |
| 8:46 | Build | Palisade Wall |
| 9:03 | Build | Palisade Wall |
| 9:33 | Queue | Villager (Male) |
| 9:33 | Queue | Villager (Male) |
| 10:08 | Age | Feudal Age |
| 10:10 | Build | Archery Range |
| 10:14 | Build | Blacksmith |
| 10:23 | Research | Double-Bit Axe |
| 10:23 | Research | Double-Bit Axe |
| 10:30 | Queue | Spearman |
| 10:36 | Queue | Villager (Male) |
| 10:46 | Build | Farm |
| 10:59 | Queue | Archer |
| 11:06 | Queue | Villager (Male) |
| 11:09 | Research | Horse Collar |
| 11:30 | Build | Watch Tower |
| 11:34 | Queue | Archer |
| 11:43 | Queue | Villager (Male) |
| 11:52 | Build | Settlement |
| 12:01 | Queue | Villager (Male) |
| 12:05 | Research | Tech 1402 |
| 12:09 | Queue | Skirmisher |
| 12:20 | Build | Farm |
| 12:41 | Queue | Villager (Male) |
| 13:02 | Queue | Villager (Male) |
| 13:04 | Build | Farm |
| 13:53 | Queue | Villager (Male) |
| 14:08 | Build | Watch Tower |
| 14:15 | Build | Palisade Wall |
| 14:17 | Build | Palisade Wall |
| 14:22 | Queue | Villager (Male) |
| 14:22 | Queue | Villager (Male) |
| 14:26 | Build | House |
| 14:31 | Build | Farm |
| 14:31 | Build | Farm |
| 14:31 | Build | Farm |
| 14:32 | Build | Farm |
| 14:32 | Build | Farm |
| 14:36 | Queue | Archer |
| 14:37 | Queue | Archer |
| 15:20 | Build | Blacksmith |
| 15:21 | Queue | Archer |
| 15:34 | Queue | Villager (Male) |
| 15:40 | Build | House |
| 15:42 | Queue | Unit 2550 |
| 15:43 | Queue | Unit 2550 |
| 16:11 | Build | House |
| 16:12 | Queue | Archer |
| 16:26 | Build | Watch Tower |
| 16:29 | Queue | Villager (Male) |
| 16:49 | Research | Wheelbarrow |
| 17:05 | Research | Fletching |
| 17:25 | Queue | Villager (Male) |
| 17:31 | Queue | Archer |
| 17:48 | Build | Palisade Wall |
| 17:52 | Build | Palisade Wall |
| 17:54 | Build | Palisade Wall |
| 17:57 | Build | Palisade Wall |
| 18:05 | Queue | Archer |
| 18:22 | Queue | Villager (Male) |
| 18:23 | Queue | Villager (Male) |
| 18:41 | Queue | Villager (Male) |
| 18:41 | Queue | Villager (Male) |
| 18:52 | Queue | Villager (Male) |
| 19:02 | Queue | Archer |
| 19:03 | Queue | Archer |
| 19:04 | Queue | Villager (Male) |
| 19:06 | Build | Farm |
| 19:07 | Build | Farm |
| 19:08 | Build | Farm |
| 19:08 | Build | Farm |
| 19:08 | Build | Farm |
| 19:09 | Build | Farm |
| 19:09 | Build | Farm |
| 19:36 | Build | Watch Tower |
| 19:48 | Queue | Archer |
| 19:57 | Build | Watch Tower |
| 20:01 | Build | House |
| 20:04 | Queue | Villager (Male) |
| 20:19 | Build | Watch Tower |
| 20:35 | Build | Watch Tower |
| 20:50 | Build | Farm |
| 20:51 | Build | Farm |
| 20:51 | Build | Farm |
| 20:51 | Build | Farm |
| 20:52 | Build | Farm |
| 20:52 | Build | Farm |
| 21:06 | Build | House |
| 21:10 | Research | Town Watch |
| 21:33 | Build | Watch Tower |
| 22:01 | Queue | Villager (Male) |
| 22:01 | Queue | Villager (Male) |
| 22:40 | Queue | Villager (Male) |
| 22:40 | Queue | Villager (Male) |
| 22:59 | Queue | Villager (Male) |
| 23:06 | Build | House |
| 23:07 | Build | House |
| 23:08 | Build | House |
| 23:18 | Research | Castle Age |
| 23:36 | Build | Palisade Wall |
| 24:10 | Queue | Archer |
| 24:18 | Build | Archery Range |
| 24:23 | Research | Padded Archer Armor |
| 24:34 | Build | Palisade Wall |
| 25:09 | Queue | Archer |
| 25:09 | Queue | Archer |
| 25:10 | Queue | Archer |
| 25:10 | Queue | Archer |
| 25:40 | Queue | Villager (Male) |
| 25:40 | Queue | Villager (Male) |
| 25:58 | Age | Castle Age |
| 25:59 | Research | Crossbowman (upgrade) |
| 25:59 | Research | Crossbowman (upgrade) |
| 26:02 | Research | Bodkin Arrow |
| 26:02 | Research | Bodkin Arrow |
| 26:12 | Build | Monastery |
| 26:28 | Queue | Villager (Male) |
| 26:34 | Build | House |
| 26:40 | Queue | Villager (Male) |
Build order — MarcosGM93
First 150 of 204 actions detected
| 0:01 | Queue | Villager (Male) |
| 0:01 | Queue | Villager (Male) |
| 0:01 | Queue | Villager (Male) |
| 0:01 | Queue | Villager (Male) |
| 0:02 | Build | House |
| 0:04 | Build | House |
| 1:30 | Queue | Villager (Male) |
| 2:01 | Queue | Villager (Male) |
| 2:01 | Queue | Villager (Male) |
| 2:03 | Build | Lumber Camp |
| 2:09 | Queue | Villager (Male) |
| 2:52 | Queue | Villager (Male) |
| 2:53 | Queue | Villager (Male) |
| 3:14 | Queue | Villager (Male) |
| 3:33 | Queue | Villager (Male) |
| 3:36 | Build | House |
| 3:56 | Queue | Villager (Male) |
| 4:13 | Queue | Villager (Male) |
| 4:25 | Queue | Villager (Male) |
| 5:14 | Queue | Villager (Male) |
| 5:16 | Research | Loom |
| 5:30 | Build | Mill |
| 6:13 | Research | Feudal Age |
| 8:26 | Age | Feudal Age |
| 8:29 | Build | Town Center |
| 8:35 | Queue | Villager (Male) |
| 8:40 | Build | House |
| 8:44 | Build | House |
| 8:51 | Build | Palisade Wall |
| 8:53 | Build | Palisade Wall |
| 9:05 | Queue | Villager (Male) |
| 9:05 | Queue | Villager (Male) |
| 9:06 | Queue | Villager (Male) |
| 9:06 | Queue | Villager (Male) |
| 9:06 | Queue | Villager (Male) |
| 9:06 | Queue | Villager (Male) |
| 9:56 | Queue | Villager (Male) |
| 9:56 | Queue | Villager (Male) |
| 10:07 | Build | House |
| 10:09 | Build | Palisade Wall |
| 10:23 | Research | Double-Bit Axe |
| 10:23 | Research | Double-Bit Axe |
| 10:44 | Queue | Villager (Male) |
| 10:51 | Build | House |
| 10:52 | Build | Palisade Wall |
| 10:57 | Queue | Villager (Male) |
| 10:58 | Queue | Villager (Male) |
| 11:02 | Research | Horse Collar |
| 11:30 | Queue | Villager (Male) |
| 11:36 | Build | Farm |
| 11:38 | Build | Farm |
| 11:52 | Build | Watch Tower |
| 11:57 | Queue | Villager (Male) |
| 11:58 | Queue | Villager (Male) |
| 12:03 | Build | Palisade Wall |
| 12:03 | Build | Palisade Wall |
| 12:04 | Build | Palisade Wall |
| 12:07 | Build | Farm |
| 12:14 | Queue | Villager (Male) |
| 12:15 | Queue | Villager (Male) |
| 12:16 | Queue | Villager (Male) |
| 12:17 | Build | Farm |
| 12:26 | Build | Outpost |
| 12:29 | Research | Town Watch |
| 12:53 | Build | Mining Camp |
| 13:00 | Queue | Villager (Male) |
| 13:18 | Queue | Villager (Male) |
| 13:31 | Queue | Villager (Male) |
| 14:01 | Queue | Villager (Male) |
| 14:03 | Build | Farm |
| 14:08 | Build | Farm |
| 14:10 | Build | Farm |
| 14:12 | Build | Farm |
| 14:27 | Build | Watch Tower |
| 14:33 | Queue | Villager (Male) |
| 14:36 | Build | Farm |
| 14:39 | Build | Farm |
| 14:41 | Build | Farm |
| 14:56 | Build | Farm |
| 14:59 | Build | Farm |
| 15:02 | Queue | Villager (Male) |
| 15:02 | Queue | Villager (Male) |
| 15:20 | Queue | Villager (Male) |
| 15:24 | Build | Farm |
| 15:26 | Build | Farm |
| 15:32 | Queue | Villager (Male) |
| 15:39 | Build | Farm |
| 15:47 | Queue | Villager (Male) |
| 16:02 | Build | Farm |
| 16:07 | Queue | Villager (Male) |
| 16:07 | Queue | Villager (Male) |
| 16:18 | Build | House |
| 16:18 | Build | House |
| 16:41 | Build | Farm |
| 16:43 | Build | Farm |
| 16:51 | Queue | Villager (Male) |
| 16:52 | Queue | Villager (Male) |
| 16:52 | Queue | Villager (Male) |
| 17:12 | Build | Watch Tower |
| 17:16 | Queue | Villager (Male) |
| 17:24 | Queue | Villager (Male) |
| 17:26 | Build | Blacksmith |
| 17:53 | Queue | Villager (Male) |
| 17:54 | Queue | Villager (Male) |
| 18:07 | Queue | Villager (Male) |
| 18:17 | Build | Lumber Camp |
| 18:24 | Queue | Villager (Male) |
| 18:30 | Build | Farm |
| 18:34 | Queue | Villager (Male) |
| 18:34 | Queue | Villager (Male) |
| 18:42 | Queue | Villager (Male) |
| 18:42 | Queue | Villager (Male) |
| 18:56 | Queue | Villager (Male) |
| 18:56 | Queue | Villager (Male) |
| 19:04 | Build | House |
| 19:11 | Build | Farm |
| 19:13 | Build | House |
| 19:14 | Build | House |
| 19:24 | Research | Fletching |
| 19:39 | Build | Market |
| 19:54 | Build | Watch Tower |
| 20:02 | Queue | Villager (Male) |
| 20:36 | Queue | Villager (Male) |
| 20:37 | Queue | Villager (Male) |
| 20:51 | Build | Watch Tower |
| 20:52 | Queue | Villager (Male) |
| 20:52 | Queue | Villager (Male) |
| 21:00 | Queue | Villager (Male) |
| 21:06 | Queue | Villager (Male) |
| 21:14 | Build | Farm |
| 21:15 | Queue | Villager (Male) |
| 21:41 | Queue | Villager (Male) |
| 22:16 | Queue | Villager (Male) |
| 22:47 | Queue | Villager (Male) |
| 23:10 | Research | Castle Age |
| 23:10 | Research | Castle Age |
| 23:26 | Build | Barracks |
| 23:38 | Build | Watch Tower |
| 24:08 | Build | Watch Tower |
| 24:44 | Queue | Villager (Male) |
| 24:45 | Queue | Villager (Male) |
| 24:45 | Queue | Villager (Male) |
| 24:49 | Build | Stable |
| 25:42 | Research | Scale Barding Armor |
| 25:45 | Build | Stable |
| 25:50 | Build | Farm |
| 25:50 | Age | Castle Age |
| 26:10 | Queue | Villager (Male) |
| 26:10 | Queue | Villager (Male) |
| 26:22 | Research | Bloodlines |
Match timeline
| 4:41 | RiseoftheRuben · first_building Barracks |
| 8:26 | MarcosGM93 · age_up feudal |
| 8:41 | RiseoftheRuben · wall_segment Palisade Wall x1 |
| 8:46 | RiseoftheRuben · wall_segment Palisade Wall x9 |
| 8:51 | MarcosGM93 · wall_segment Palisade Wall x5 |
| 8:53 | MarcosGM93 · wall_segment Palisade Wall x2 |
| 9:03 | RiseoftheRuben · wall_segment Palisade Wall x1 |
| 10:08 | RiseoftheRuben · age_up feudal |
| 10:09 | MarcosGM93 · wall_segment Palisade Wall x1 |
| 10:10 | RiseoftheRuben · first_building Archery Range |
| 10:52 | MarcosGM93 · wall_segment Palisade Wall x1 |
| 12:03 | MarcosGM93 · wall_segment Palisade Wall x1 |
| 12:03 | MarcosGM93 · wall_segment Palisade Wall x1 |
| 12:04 | MarcosGM93 · wall_segment Palisade Wall x1 |
| 14:15 | RiseoftheRuben · wall_segment Palisade Wall x1 |
| 14:17 | RiseoftheRuben · wall_segment Palisade Wall x1 |
| 17:48 | RiseoftheRuben · wall_segment Palisade Wall x1 |
| 17:52 | RiseoftheRuben · wall_segment Palisade Wall x1 |
| 17:54 | RiseoftheRuben · wall_segment Palisade Wall x1 |
| 17:57 | RiseoftheRuben · wall_segment Palisade Wall x1 |
| 20:45 | MarcosGM93 · first_market_buy 100 stone |
| 22:19 | MarcosGM93 · first_market_sell 100 wood |
| 23:26 | MarcosGM93 · first_building Barracks |
| 23:36 | RiseoftheRuben · wall_segment Palisade Wall x10 |
| 24:34 | RiseoftheRuben · wall_segment Palisade Wall x1 |
| 24:49 | MarcosGM93 · first_building Stable |
| 25:50 | MarcosGM93 · age_up castle |
| 25:58 | RiseoftheRuben · age_up castle |
| 26:12 | RiseoftheRuben · first_building Monastery |
| 26:36 | MarcosGM93 · first_building Castle |
| 27:06 | MarcosGM93 · first_building Siege Workshop |
| 27:18 | RiseoftheRuben · first_building Castle |
| 30:48 | MarcosGM93 · first_building Monastery |
| 33:00 | RiseoftheRuben · first_market_buy 100 food |
| 36:12 | RiseoftheRuben · age_up imperial |
| 36:15 | MarcosGM93 · resign |
[ AI ANALYSIS · 1 CREDIT ]
What really happened in this match?
Wolo.gg analyzes every decision: build order, eco, micro, common mistakes by bracket. Personalized analysis on WhatsApp or Discord in 30 seconds.
Civ guide
Muisca
Perfil
Jugador #1072539